 Dungeon Crawl Stone Soup version 0.24.0-13-gcf9b3192b9 (webtiles) character file.

Game seed: 15472482761530193366, levelgen mode: classic

5642 EnegeticOcto the Covert (level 10, -1/71 HPs)
             Began as an Octopode Hunter on Nov 5, 2019.
             Slain by an orc warrior
             ... wielding a +0 halberd
              (15 damage)
             ... on level 9 of the Dungeon.
             The game lasted 00:13:52 (12129 turns).

EnegeticOcto the Covert (Octopode Hunter)          Turns: 12129, Time: 00:13:53

Health: -1/71      AC:  4    Str: 11    XL:     10   Next: 74%
Magic:  10/10      EV: 17    Int: 17    God:
Gold:   349        SH:  0    Dex: 13    Spells: 9/9 levels left

rFire    . . .     SeeInvis .     - Unarmed
rCold    . . .     Gourm    .   (no shield)
rNeg     . . .     Faith    .   (helmet restricted)
rPois    .         Spirit   .   m - amulet of magic regeneration
rElec    .         Reflect  .   d - +3 ring of protection
rCorr    +         Harm     .   o - ring of resist corrosion
MR       .....                  (no ring)
Stlth    +++++.....             (no ring)
HPRegen  0.21/turn              (no ring)
MPRegen  0.37/turn              (no ring)
                                (no ring)
                                (no ring)

@: no status effects
A: almost no armour, stealthy swim, amphibious, 8 rings, constrict 8, camouflage
1, gelatinous body 1
a: no special abilities


You were on level 9 of the Dungeon.
You were hungry.

You visited 2 branches of the dungeon, and saw 10 of its levels.

You collected 617 gold pieces.
You spent 268 gold pieces at shops.

Inventory:

Hand Weapons
 a - a +0 short sword
 p - a +2 halberd of chopping
Missiles
 b - 11 javelins (quivered)
 c - 2 throwing nets {!f}
 w - 31 poisoned darts
Jewellery
 d - a +3 ring of protection (left tentacle)
 j - an uncursed ring of ice
 m - an amulet of magic regeneration (around mantle)
 o - a ring of resist corrosion (right tentacle)
Wands
 k - a wand of flame (24)
 r - a wand of random effects (17)
Scrolls
 f - 2 scrolls of fog {!r}
 i - 7 scrolls of remove curse {@r2}
 l - 3 scrolls of fear {!r}
 n - 3 scrolls of enchant armour
 s - 5 scrolls of teleportation {@r3 !r}
 x - 2 scrolls of identify {@r1}
 y - a scroll of enchant weapon
 z - 2 scrolls of magic mapping {@r5 !r}
 B - a scroll of blinking {@r4}
Potions
 g - a potion of curing {@q1 !q}
 h - a potion of might {@q3 !q}
 q - a potion of mutation
 u - a potion of agility {@q5 !q}
Comestibles
 e - 15 rations
 t - 3 chunks of flesh


   Skills:
 + Level 7.3 Fighting
 - Level 4.0 Throwing
 + Level 7.4 Dodging
 + Level 10.2 Stealth
 * Level 9.7 Unarmed Combat


You had 9 spell levels left.
You didn't know any spells.
Your spell library contained the following spells:

 Spells                   Type           Power        Failure   Level  Hunger
 Corona                   Hex            #......      24%         1    ##.....
 Slow                     Hex            #.......     34%         2    ###....
 Inner Flame              Hex/Fire       #.......     56%         3    ####...
 Portal Projectile        Hex/Tloc       #.....       56%         3    ####...
 Cause Fear               Hex            #.........   93%         4    #####..
 Leda's Liquefaction      Hex/Erth       #.........   93%         4    #####..


Dungeon Overview and Level Annotations

Branches:
Dungeon (9/15)             Temple (1/1) D:6             Orc (0/2) D:9
   Lair: D:8-11

Altars:
Ashenzari
Cheibriados
Dithmenos
Elyvilon
Fedhas
Gozag
Hepliaklqana
Kikubaaqudgha
Makhleb
Nemelex Xobeh
Okawaru
Qazlal
Ru
Sif Muna
Trog
Uskayaw
Vehumet
Wu Jian
Xom
Yredelemnul
Zin
The Shining One

Shops:
D:4 !   D:7 *   D:8 *   D:9 ?

Annotations:
D:3 Grinder
D:4 3 runed translucent doors, DavidChitty2's ghost, weakling GnWn
D:7 2 transporters, Prince Ribbit
D:8 exclusions: crocodile and 1 more exclusion, Joseph
D:9 exclusion: fire dragon, Harold


Innate Abilities, Weirdness & Mutations

You cannot wear most types of armour.
You are very stealthy in the water. (Stealth+)
You are amphibious.
You can wear up to eight rings at the same time.
You can use your tentacles to constrict eight enemies at once.
Your skin changes colour to match your surroundings (Stealth+).
Your rubbery body absorbs attacks. (AC +1, EV +1)


Message History

No target in view!
No target in view!
No target in view!
No target in view!
No target in view!
No target in view!
HP restored.
You now have 332 gold pieces (gained 11).
Items here: )) [ ÷ † a +0 mace; a +0 leather armour; a cursed -2 flail; an orc corpse an orc skeleton You butcher the orc corpse.
t - 3 chunks of flesh
Items here: )) [ ÷÷ a +0 mace; a +0 leather armour; a cursed -2 flail; an orc skeleton x2
Items here: )) [ ÷÷ a +0 mace; a +0 leather armour; a cursed -2 flail; an orc skeleton x2
Eating one of 3 chunks of flesh.
You eat one of the 3 chunks of flesh.
This raw flesh tastes terrible.
Things that are here:
a +0 trident; an orc corpse You butcher the orc corpse.
t - 3 chunks of flesh (gained 1)
Things that are here:
a +0 trident; an orc skeleton
Things that are here:
a +0 trident; an orc skeleton
Things that are here:
a +0 club; an orc skeleton; a bullfrog skeleton
Things that are here:
21 arrows; a +0 shortbow; a centaur skeleton You now have 349 gold pieces (gained 17).
You see here a quokka skeleton.
There is a stone staircase leading up here.
Things that are here:
a +0 dagger; a +0 robe
Things that are here:
a +0 dagger; a +0 robe
There is a stone staircase leading up here.
You see here a quokka skeleton.
You see here a +0 leather armour.
Things that are here:
a +0 club; an orc skeleton; a bullfrog skeleton
Found a leather armour.
Items here: ))))) [[[
Items here: )))) [[ An orc comes into view.
It is wielding a +0 trident.
The orc moves out of view.
The orc is too close now for your liking.
There are monsters nearby!
An orc wizard comes into view. It is wielding a +0 vampiric dagger.
The orc wizard moves out of view.
The orc shouts!
The orc wizard shouts!
A lava snake comes into view.
The lava snake hisses angrily.
The orc shouts!
Found a staircase to the Orcish Mines.
An orc warrior comes into view. It is wielding a +0 halberd.
You barely miss the orc. You grab the orc. You squeeze the orc.
The orc is moderately wounded.
You constrict the orc. The orc hits you with a +0 flail!
You tentacle-slap the orc. You squeeze the orc.
You kill the orc!
The orc wizard casts a spell at you. The puff of frost hits you.
You hear a shout!
The orc warrior hits you with a +0 halberd!
Things that are here:
a +0 flail; a +0 leather armour; an orc corpse You tentacle-slap the orc warrior but do no damage.
Your grab misses the orc warrior. The orc completely misses you.
The orc warrior hits you with a +0 halberd!
You are too injured to fight recklessly!
You are too injured to fight recklessly!
You are too injured to fight recklessly!
You are too injured to fight recklessly!
The orc warrior hits you from afar with a +0 halberd!
* * * LOW HITPOINT WARNING * * *
The orc wizard points at you and mumbles some strange words.
The puff of flame hits you!
* * * LOW HITPOINT WARNING * * *
The orc wizard casts a spell at you. The magic dart hits you.
* * * LOW HITPOINT WARNING * * *
Really quaff
g - 2 potions of curing {@q1 !q}?
You feel better.
The orc wizard points at you and mumbles some strange words.
The magic dart hits you.
* * * LOW HITPOINT WARNING * * *
Okay, then.
The orc wizard casts a spell.
The orc wizard flickers and vanishes!
Deactivating autopickup; reactivate with Ctrl-A.
You are feeling hungry.
Items here: )))) [[
Items here: ))))) [[[
Items here: )) [ ÷÷ a +0 mace; a +0 leather armour; a cursed -2 flail; an orc skeleton x2
There is a stone staircase leading up here.
The orc warrior hits you from afar with a +0 halberd!
You die...

##.#####################o#######
##.# #.#.....# #.# #.#.###.# #.#
##############.#.# #.# #.#
#................# #.## #.#
#................###... #(#
#.......)........#..... #.#
#.......)...(....#.####
#....)@.oo)......#.#... .@..
#####.........(÷##......... ...
................####.#.#.## ....
.^......#######.# #.#.#.# ....
........# #.# #...#.# ##..
........# #.# #.#.#.# ##.#
........# #.# #.###.# ##.#
........# #.# #.....# ##.#
..$.....# #.####.#####


You could see an orc warrior and an orc.

Vanquished Creatures
  A centaur warrior (D:9)
  Pikel (Temple)
  A troll (D:9)
  A spriggan (D:8)
  Menkaure (D:4)
  A water moccasin (D:6)
  5 orc warriors
  2 sky beasts
  2 slaves
  A hornet zombie (D:9)
  2 phantoms (D:5)
  3 ogres
  3 centaurs
  2 big kobolds (D:8)
  4 bullfrogs
  A scorpion (D:7)
  9 wights
  6 howler monkeys
  A lava snake (D:9)
  4 hounds
  A bullfrog skeleton (D:8)
  3 jellies
  8 orc wizards
  5 orc priests
  Jessica (D:2)
  A centaur skeleton (D:4)
  4 iguanas
  14 worker ants
  A hound skeleton (D:7)
  10 gnolls
  A howler monkey skeleton (D:5)
  8 adders
  2 shadow imps (D:9)
  3 oozes
  An adder zombie (D:5)
  4 adder skeletons
  2 worms
  2 dart slugs (D:1)
  7 leopard geckos
  37 orcs
  A ball python (D:3)
  5 giant cockroaches
  8 goblins
  9 hobgoblins
  4 jackals
  19 kobolds
  4 quokkas
  A ball python skeleton (D:4)
  7 bats
  6 frilled lizards
  A giant cockroach zombie (D:3)
  A goblin zombie (D:5)
  A jackal skeleton (D:4)
  A jackal zombie (D:7)
  A leopard gecko zombie (D:8)
  4 rats
239 creatures vanquished.

Vanquished Creatures (others)
  An adder (D:6)
1 creature vanquished.

Grand Total: 240 creatures vanquished

Notes
Turn   | Place    | Note
-------+----------+-------------------------------------------
     0 | D:1      | EnegeticOcto the Octopode Hunter began the quest for the
                  | Orb.
     0 | D:1      | Reached XP level 1. HP: 14/14 MP: 1/1
    33 | D:1      | Reached XP level 2. HP: 7/19 MP: 2/2
   328 | D:1      | Reached skill level 2 in Stealth
   677 | D:1      | Reached skill level 1 in Unarmed Combat
   749 | D:1      | Reached XP level 3. HP: 24/25 MP: 3/3
  1603 | D:2      | Noticed Jessica
  1617 | D:2      | Killed Jessica
  1617 | D:2      | Reached skill level 3 in Stealth
  1617 | D:2      | Reached XP level 4. HP: 27/30 MP: 4/4
  1895 | D:3      | Found a basalt altar of Yredelemnul.
  2280 | D:3      | Reached XP level 5. HP: 36/36 MP: 5/5
  2324 | D:3      | Noticed Grinder
  2887 | D:4      | Found a shattered altar of Ashenzari.
  3157 | D:4      | Noticed Menkaure
  3161 | D:4      | Killed Menkaure
  3161 | D:4      | Reached skill level 4 in Stealth
  3161 | D:4      | Reached XP level 6. HP: 42/42 MP: 6/6
  3555 | D:4      | Found a runed translucent gate.
  3555 | D:4      | Found a runed translucent gate.
  3555 | D:4      | Found a runed translucent gate.
  3604 | D:4      | Noticed DavidChitty2's ghost (weakling GnWn)
  4061 | D:4      | Reached XP level 7. HP: 41/47 MP: 7/7
  4107 | D:4      | Reached skill level 5 in Stealth
  4132 | D:4      | Found Lietoa Ceus's Distillery.
  4135 | D:4      | Bought 2 potions of curing for 72 gold pieces
  4135 | D:4      | Bought a potion of lignification for 36 gold pieces
  4315 | D:5      | Entered Level 5 of the Dungeon
  4490 | D:5      | Found a hazy altar of Hepliaklqana.
  4497 | D:5      | Found an iron altar of Okawaru.
  4498 | D:5      | Found a radiant altar of Vehumet.
  4499 | D:5      | Found a glowing silver altar of Zin.
  4499 | D:5      | Found a basalt altar of Yredelemnul.
  4500 | D:5      | Found a shadowy altar of Dithmenos.
  4501 | D:5      | Found a sacrificial altar of Ru.
  4504 | D:5      | Found a hide-covered altar of Uskayaw.
  5303 | D:5      | Reached XP level 8. HP: 14/54 MP: 8/8
  5591 | D:5      | Reached skill level 5 in Unarmed Combat
  5596 | D:5      | Reached skill level 6 in Stealth
  6697 | D:6      | Reached skill level 5 in Fighting
  6697 | D:6      | Reached skill level 5 in Dodging
  7037 | D:6      | Noticed Pikel
  7126 | D:6      | Reached skill level 7 in Stealth
  7230 | D:6      | Found a staircase to the Ecumenical Temple.
  7239 | Temple   | Entered the Ecumenical Temple
  7318 | Temple   | Killed Pikel
  7318 | Temple   | Reached XP level 9. HP: 38/61 MP: 9/9
  7811 | D:6      | Reached skill level 8 in Stealth
  7995 | D:7      | Found Hosod's Mass Market.
  8820 | D:7      | Found an ancient bone altar of Kikubaaqudgha.
  9080 | D:7      | Found a transporter.
  9080 | D:7      | Noticed Prince Ribbit
  9081 | D:7      | Noticed a gargoyle
  9102 | D:7      | Noticed a wizard
  9102 | D:7      | Found a transporter.
  9377 | D:8      | Found Saruaq's General Store.
  9380 | D:8      | Bought a potion of heal wounds for 70 gold pieces
  9407 | D:8      | Reached skill level 9 in Stealth
  9494 | D:8      | Reached XP level 10. HP: 69/69 MP: 10/10
  9970 | D:8      | Noticed Joseph
 10870 | D:9      | Found Waomm's Magic Scroll Boutique.
 10876 | D:9      | Bought a scroll of blinking for 90 gold pieces
 10882 | D:9      | Noticed Harold
 11102 | D:9      | Noticed a fire dragon
 11685 | D:9      | Noticed a centaur warrior
 11703 | D:9      | Killed a centaur warrior
 11703 | D:9      | Reached skill level 10 in Stealth
 12081 | D:9      | Found a staircase to the Orcish Mines.
 12129 | D:9      | Slain by an orc warrior

Levels and vault maps discovered:
D:1:      enne_arrival_octagon_isle, layout_loops_corners
D:2:      layout_rooms, uniq_jessica
D:3:      layout_basic, first_ration, yredelemnul_altar_generic, uniq_grinder
D:4:      layout_rooms, serial_shops, kennysheep_mini_moat,
          gammafunk_ghost_necromancy, evilmike_ruin_ashenzari, uniq_menkaure
D:5:      layout_loops_corners, minitemple, enter_ossuary_3, minmay_lizard_king
D:6:      layout_rooms, minmay_temple_entry_ruins, uniq_pikel
D:7:      gammafunk_the_bubble [the_bubble_gammafunk_split], layout_loops_ring,
          kennysheep_little_box, grunt_ministairs_11, chequers_avenue,
          minmay_shop_mass, uniq_prince_ribbit1
D:8:      layout_loops_ring, serial_shops, kennysheep_mini, the_bakery,
          kennysheep_potato, uniq_joseph
D:9:      dragon1_lemuel, layout_basic, david_orc_4, serial_shops, shop,
          uniq_harold
Temple:   nicolae_temple_god_jail

Skill      XL: |  1  2  3  4  5  6  7  8  9 10 |
---------------+-------------------------------+-----
Stealth        | 2 3 4 5 7 9 10 | 10.2
Unarmed Combat | 1 3 4 7 8 9 |  9.7
Dodging        | 3 4 5 6 7 |  7.4
Fighting       | 3 4 5 6 7 |  7.3
Throwing       | |  4.0

Action                   |  1- 3 |  4- 6 |  7- 9 | 10-12 || total
-------------------------+-------+-------+-------+-------++-------
Melee: Short sword       |     8 |       |       |       ||     8
       Constrict         |    29 |    38 |    74 |    25 ||   166
       Tentacles         |    18 |    32 |    75 |    36 ||   161
       Unarmed           |    87 |   135 |   384 |   157 ||   763
       Punch             |     3 |     3 |    23 |     9 ||    38
Throw: Javelin           |       |     2 |    24 |     6 ||    32
Evoke: Wand              |       |     4 |       |     3 ||     7
  Use: Scroll            |     1 |     7 |     8 |       ||    16
       Potion            |       |       |     4 |     7 ||    11
 Stab: Sleeping          |    11 |    12 |    17 |     7 ||    47
       Distracted        |       |     1 |     1 |       ||     2
  Eat: Chunk             |     2 |     5 |    10 |     8 ||    25
       Ration            |       |     1 |     2 |       ||     3
Armor: Skin              |     9 |    30 |    49 |    17 ||   105
Dodge: Dodged            |    46 |    74 |   214 |    97 ||   431
